 Dungeon Crawl Stone Soup version 0.30-a0-718-geaa24f58ff (webtiles) character file.

Game seed: 9236391628171203839

54 Newt the Ducker (level 3, -1/23 HPs)
             Began as an Octopode Transmuter on Jan 25, 2023.
             Killed from afar by Sigmund (8 damage)
             ... with a magic dart
             ... on level 2 of the Dungeon.
             The game lasted 00:02:19 (1416 turns).

Newt the Ducker (Octopode Transmuter)               Turns: 1416, Time: 00:02:19

Health: -1/23      AC:  1    Str:  9    XL:     3   Next: 91%
Magic:  2/2        EV: 14    Int: 15    God:
Gold:   62         SH:  0    Dex: 14    Spells: 5/6 levels left

rFire   . . .      SeeInvis .    l - +2 short sword (antimagic)
rCold   . . .      Faith    .    (no shield)
rNeg    . . .      Spirit   .    (helmet restricted)
rPois   .          Reflect  .    (no amulet)
rElec   .          Harm     .    (no ring)
rCorr   .          Rampage  .    (no ring)
Will    .....                    (no ring)
Stlth   ++                       (no ring)
HPRegen 0.23/turn                (no ring)
MPRegen 0.08/turn                (no ring)
                                 (no ring)
                                 (no ring)

@: no status effects
A: almost no armour, amphibious, 8 rings, camouflage 1, gelatinous body 1,
(nimble swimmer 1), tentacles
a: no special abilities


You were on level 2 of the Dungeon.
You visited 1 branch of the dungeon, and saw 2 of its levels.

You collected 62 gold pieces.

Inventory:

Hand Weapons
 i - a +3 sling
 l - a +2 antimagic short sword (weapon)
Missiles
 c - a throwing net
Wands
 b - a wand of roots (1)
Scrolls
 d - a scroll of noise
 e - 3 scrolls of teleportation
 f - a scroll of identify
 h - a scroll of immolation
Potions
 a - 2 potions of lignification
 g - 2 potions of ambrosia
 j - 2 potions of degeneration
 k - a potion of flight {unknown}


   Skills:
 - Level 1.0 Fighting
 + Level 4.1 Dodging
 - Level 3.0 Unarmed Combat
 - Level 2.0 Spellcasting
 - Level 2.0 Transmutations


You had 5 spell levels left.
You knew the following spells:

 Your Spells              Type           Power      Damage    Failure   Level
a - Beastly Appendage     Tmut           14%        N/A       10%         1

Your spell library contained the following spells:

 Spells                   Type           Power      Damage    Failure   Level
 Wereblood                Tmut           7%         N/A       14%         2
 Spider Form              Tmut/Pois      4%         N/A       41%         3
 Ice Form                 Ice/Tmut       4%         N/A       82%         4


Dungeon Overview and Level Annotations

Branches:
Dungeon (2/15)

Altars:

Annotations:
D:2 Sigmund


Innate Abilities, Weirdness & Mutations

You cannot wear most types of armour.
You are amphibious.
You can wear up to eight rings at the same time.
Your skin changes colour to match your surroundings (Stealth+).
Your rubbery body absorbs attacks. (AC +1, EV +1)
((You are camouflaged when in or above water. (Stealth+)))
You have tentacles for arms and can constrict up to eight enemies at once.


Message History

Sigmund points at you and mumbles some strange words.
You resist with significant effort.
You closely miss Sigmund. You grab Sigmund.
You pierce Sigmund, but do no damage.
You constrict Sigmund, but do no damage.
Sigmund hits you with a +0 scythe.
You barely miss Sigmund.
You constrict Sigmund, but do no damage.
You hit Sigmund but do no damage.
You pierce Sigmund.
Sigmund is lightly wounded.
Your transformation is almost over.
You constrict Sigmund. Sigmund gestures at you while chanting.
You are confused.
You are too confused!
You bump into the rock wall.
You constrict Sigmund.
Sigmund points at you and mumbles some strange words.
You resist with significant effort.
You release your grip on Sigmund.
Sigmund attacks as you move away! Sigmund barely misses you.
Sigmund completely misses you.
You bump into the rock wall.
Sigmund gestures wildly while chanting.
Sigmund flickers and vanishes!
Deactivating autopickup; reactivate with Ctrl-A.
You bump into the rock wall.
You feel less confused. Something barely misses you.
Something barely misses you.
Your tentacle spike disappears.
A puff of flame appears from out of thin air!
The puff of flame hits you.
You aren't carrying any pieces of jewellery.
There is an open door here.
Something tries to affect you, but you resist.
A puff of flame appears from out of thin air!
The puff of flame hits you!
Ouch! That really hurt!
A magic dart appears from out of thin air!
The magic dart hits you!
You die...

#.# .. ##{## .##
##...## .#
##.....##
##.......##
#.....[...#
+.........+
#.........#
##...@...##
##.....## ##...##
##'## #.# #.###
##...########
######............
..........########


There were no monsters in sight!

Vanquished Creatures
  A gnoll (D:1)
  An adder (D:2)
  A dart slug (D:1)
  A bat (D:1)
  4 endoplasms
  A giant cockroach (D:1)
  A goblin (D:1)
  3 hobgoblins
  4 jackals (D:1)
  6 kobolds
  3 quokkas (D:1)
  4 frilled lizards
30 creatures vanquished.

Notes
Turn   | Place    | Note
-------+----------+-------------------------------------------
     0 | D:1      | Newt the Octopode Transmuter began the quest for the Orb.
     0 | D:1      | Reached XP level 1. HP: 13/13 MP: 3/3
    47 | D:1      | Reached XP level 2. HP: 14/18 MP: 3/5
   432 | D:1      | Reached skill level 3 in Dodging
   581 | D:1      | Reached XP level 3. HP: 23/23 MP: 6/6
  1274 | D:2      | Identified the +1 whip "Yruen" {spect, *Noise rElec rCorr}
  1290 | D:2      | Reached skill level 4 in Dodging
  1388 | D:2      | Noticed Sigmund
  1416 | D:2      | Killed from afar by Sigmund

Illustrated notes

Levels and vault maps discovered:
D:1:      dpeg_arrival_tiny_h, layout_basic, serial_forest,
          infiniplex_forest_lined_room_, infiniplex_forest_lined_2,
          infiniplex_forest_lined_3_way, infiniplex_forest_clump_small,
          infiniplex_forest_lined_1, infiniplex_forest_clump_tiny,
          infiniplex_forest_clump_tiny, infiniplex_forest_clump_long,
          infiniplex_forest_lined_1, minivault_4, minmay_quantized
D:2:      layout_loops_corners, ebering_ecumenical_altar_ruins, uniq_sigmund,
          uniq_robin

Skill      XL: |  1  2  3 |
---------------+----------+-----
Dodging        | 3 4 |  4.1
Fighting       | |  1.0
Unarmed Combat | |  3.0
Spellcasting   | |  2.0
Transmutations | |  2.0

Action                     || total
---------------------------++-------
  Melee: Unarmed           ||    27
         Tentacles         ||     8
         Constrict         ||    11
         Kick              ||     3
         Punch             ||     2
         Short sword       ||    17
   Fire: Sling             ||    34
   Cast: Beastly Appendage ||     6
    Use: Scroll            ||     5
         Potion            ||     1
   Stab: Sleeping          ||     4
 Armour: Skin              ||     2
  Dodge: Dodged            ||    41

Table legend: (Time is in decaauts)
 A = Elapsed time spent in this place.
 B = Non-inter-level travel time spent in this place.
 C = Inter-level travel time spent in this place.
 D = Time resting spent in this place.
 E = Time spent auto-exploring this place.
 F = Levels seen in this place.
 G = Mean time per level.
                   A        B        C        D        E       F      G
               +--------+--------+--------+--------+--------+-----+--------+
         Total |   1426 |   1337 |     89 |    187 |    911 |   2 |  713.0 |
       Dungeon |   1426 |   1337 |     89 |    187 |    911 |   2 |  713.0 |
               +--------+--------+--------+--------+--------+-----+--------+

Top non-repeatable levels by time:
     D:1: 864 daAuts
     D:2: 562 daAuts
